Map: Moonlight Madness LE (Void)

Players

wabbajack - Winner!

  • Race: Zerg Zerg
  • League: Grandmaster

Albatros

  • Race: Protoss Protoss
  • League: Grandmaster

VOD

Have the link to the VOD?

Description

Time

  • Played on: July 16, 2015, 11:48 a.m.
  • Length: 3:42
Show
View Real Time Build Order
Export as new Build Order

wabbajack Zerg - Winner!

Build Orders: Pool First 

Get SALT Encoding   

  12  0:01  Drone  
  13  0:12  Extractor  
  12  0:16  Drone  
  12  0:17  Drone  
  14  0:33  Spawning Pool  
  13  0:43  Overlord  
  13  0:48  Drone  
  15  1:04  Drone  
  15  1:20  Metabolic Boost  
  15  1:21  Queen  
  15  1:25  Zergling x4  
  18  1:30  Zergling x2  
  20  1:40  Zergling x2  
  21  2:16  Zergling x2  
  22  2:23  Overlord  
  22  2:41  Queen  
  24  2:51  Hatchery  
Show
View Real Time Build Order
Export as new Build Order

Albatros Protoss 

Build Orders:  

Get SALT Encoding   

  12  0:02  Probe  
  13  0:17  Probe  
  14  0:25  Pylon  
  14  0:50  Probe (Chrono Boost), Forge  
  14  0:56  Pylon  
  15  1:00  Probe (Chrono Boost)  
  16  1:16  Pylon  
  16  1:19  Probe (Chrono Boost)  
  17  1:29  Probe (Chrono Boost)  
  18  1:37  Photon Cannon  
  18  1:47  Nexus  
  18  2:14  Gateway  
  18  2:16  Photon Cannon  
  18  2:20  Photon Cannon  
  18  2:27  Gateway  
  18  2:33  Assimilator  
  18  2:40  Assimilator  
  18  2:51  Pylon  
  18  2:53  Probe  
  18  2:55  Pylon  
  5  3:06  Probe  
Tags
 
Add a new tag
Caveats
  • Supply blocks, unpowered buildings, or Contaminate may cause inaccurate times.
  • Supply counts are checked every 10 seconds.